 Dungeon Crawl Stone Soup version 0.24.0 (webtiles) character file.

Game seed: 17859702070222394684, levelgen mode: deterministic

49 Buxparty the Skirmisher (level 3, -3/24 HPs)
             Began as a Gargoyle Fighter on Mar 21, 2020.
             Slain by Jessica
             ... wielding a +1 dagger of distortion
              (7 damage)
             ... on level 3 of the Dungeon.
             The game lasted 00:02:04 (1361 turns).

Buxparty the Skirmisher (Gargoyle Fighter)          Turns: 1361, Time: 00:02:05

Health: -3/24      AC: 10    Str: 20    XL:     3   Next: 77%
Magic:  3/3        EV:  7    Int:  8    God:
Gold:   55         SH:  9    Dex:  9    Spells: 2/2 levels left

rFire    . . .     SeeInvis .   a - +0 long sword
rCold    . . .     Gourm    .   c - +0 shield
rNeg     + . .     Faith    .   b - +0 scale mail
rPois    ∞         Spirit   .   (no helmet)
rElec    +         Reflect  .   (no cloak)
rCorr    .         Harm     .   (no gloves)
MR       .....                  (no boots)
Stlth    ..........             (no amulet)
HPRegen  0.08/turn              (no ring)
MPRegen  0.08/turn              (no ring)

@: about to teleport
A: negative energy resistance 1, electricity resistance, unbreathing,
petrification resistance, rot immunity, AC +3
a: no special abilities


You were on level 3 of the Dungeon.
You were hungry.

You visited 1 branch of the dungeon, and saw 3 of its levels.

You collected 55 gold pieces.

Inventory:

Hand Weapons
 a - a +0 long sword (weapon)
Armour
 b - a +0 scale mail (worn)
 c - a +0 shield (worn)
Scrolls
 e - 2 scrolls of remove curse {unknown}
 g - 2 scrolls of fear {unknown}
 h - 5 scrolls of identify {unknown}
 i - a scroll of random uselessness {unknown}
 j - a scroll of immolation {unknown}
 l - a scroll of blinking {unknown}
 n - a scroll of teleportation {unknown}
Potions
 d - a potion of might
 k - 2 potions of curing {unknown}
Comestibles
 f - 10 rations


   Skills:
 + Level 3.7 Fighting
 * Level 2.6 Long Blades
 + Level 3.7 Armour
 + Level 3.7 Shields


You had 2 spell levels left.
You didn't know any spells.
Your spell library was empty.

Dungeon Overview and Level Annotations

Branches:
Dungeon (3/15)

Altars:
Ashenzari
Hepliaklqana
Nemelex Xobeh
Xom
The Shining One

Annotations:
D:3 Jessica


Innate Abilities, Weirdness & Mutations

You are resistant to torment.
Your stone body is resilient. (AC +3)
You are immune to poison.
You resist negative energy. (rN+)
You are resistant to electric shocks. (rElec)
You can survive without breathing.
You are immune to petrification.
You are immune to rotting.


Message History

You are too injured to fight recklessly!
You are too injured to fight recklessly!
Unknown command.
You are too injured to fight recklessly!
You hit Jessica.
Jessica is moderately wounded.
The jackal closely misses you. Jessica hits you but does no damage.
You feel strangely unstable.
The jackal bites you but does no damage.
You completely miss Jessica.
Jessica is moderately wounded.
The jackal bites you but does no damage.
You block Jessica's attack.
You hit Jessica.
Jessica is moderately wounded.
The jackal bites you but does no damage.
Jessica hits you with a +1 dagger of distortion.
* * * LOW HITPOINT WARNING * * *
Space bends around you.
You die...

#. ...
######+####..#
#..........#
#.......w..#
#......@@..#
#.<.....h....#
#.........$....
#..........#...
#.(.(......# ##
############


You could see a worm, Jessica and a jackal.

Vanquished Creatures
  2 adders (D:2)
  3 worms (D:2)
  A dart slug (D:2)
  A leopard gecko (D:2)
  3 hobgoblins
  A jackal (D:3)
  5 kobolds
  A ball python (D:2)
  3 bats
  2 rats (D:2)
22 creatures vanquished.

Notes
Turn   | Place    | Note
-------+----------+-------------------------------------------
     0 | D:1      | Buxparty the Gargoyle Fighter began the quest for the Orb.
     0 | D:1      | Reached XP level 1. HP: 14/14 MP: 1/1
   584 | D:2      | Reached XP level 2. HP: 11/19 MP: 2/2
   882 | D:2      | Found a shattered altar of Ashenzari.
   975 | D:2      | Reached XP level 3. HP: 21/23 MP: 3/3
  1228 | D:2      | Found an ancient bone altar of Kikubaaqudgha.
  1230 | D:2      | Found an ancient bone altar of Kikubaaqudgha.
  1230 | D:2      | Found a hazy altar of Hepliaklqana.
  1232 | D:2      | Found a shimmering altar of Xom.
  1232 | D:2      | Found a sparkling altar of Nemelex Xobeh.
  1232 | D:2      | Found a glowing golden altar of the Shining One.
  1350 | D:3      | Noticed Jessica
  1361 | D:3      | Slain by Jessica

Levels and vault maps discovered:
D:1:      mrwooster_arrival_statue_2, layout_loops_ring
D:2:      wad_lake_hut, layout_rooms, ashenzari_conservatory_becter,
          doesnt_xom_only_xom
D:3:      lemuel_upstairs_altar, layout_basic, general_overflow_altar,
          first_ration, minmay_misc_feat_alley, grunt_decor_one_mirror,
          uniq_ijyb, uniq_jessica
